 Dungeon Crawl Stone Soup version 0.20.0-8-g6b59dc7 (webtiles) character file.

462 4thArraOfDagon the Slasher (level 6, -12/53 HPs)
             Began as a Minotaur Warper on June 1, 2017.
             Was a Believer of the Shining One.
             Killed from afar by Pikel (34 damage)
             ... with a wand of lightning (?/15)
             ... on level 4 of the Dungeon.
             The game lasted 00:09:05 (2159 turns).

4thArraOfDagon the Slasher (Minotaur Warper)        Turns: 2159, Time: 00:09:06

Health: -12/53     AC:  9    Str: 16    XL:     6   Next: 79%
Magic:  7/7        EV:  5    Int: 12    God:    the Shining One [**....]
Gold:   114        SH:  0    Dex:  9    Spells: 3/7 levels left

rFire    . . .     SeeInvis .   a - +0 falchion
rCold    . . .     Gourm    .   (no shield)
rNeg     + . .     Faith    .   s - +0 chain mail
rPois    .         Spirit   .   (helmet restricted)
rElec    .         Reflect  .   (no cloak)
rCorr    .         Harm     .   (no gloves)
MR       .....                  (no boots)
Stlth    ..........             (no amulet)
Regen    0.2/turn               h - ring of flight
MPRegen  0.1/turn               (no ring)

@: glowing, constricted
A: retaliatory headbutt, horns 2
a: Divine Shield, Renounce Religion, Evoke Flight


You were on level 4 of the Dungeon.
You worshipped the Shining One.
The Shining One was pleased with you.
You were hungry.

You visited 2 branches of the dungeon, and saw 7 of its levels.
You also visited: Ossuary.

You collected 114 gold pieces.

Inventory:

Hand Weapons
 a - a +0 falchion (weapon)
 w - a +1 flail of protection
Missiles
 e - 5 tomahawks of dispersal (quivered)
 j - 6 exploding tomahawks
Armour
 b - a +0 leather armour
 k - a +0 ring mail
 s - a +0 chain mail (worn)
Magical Staves
 p - an uncursed staff of summoning {unknown}
Jewellery
 h - a ring of flight (left hand)
Scrolls
 d - 2 scrolls of blinking
 g - a scroll of remove curse {unknown}
 l - 5 scrolls of teleportation
 m - a scroll of magic mapping
 t - a scroll of identify
Potions
 f - a potion of heal wounds
 i - 4 potions of flight
 n - 4 potions of curing
 o - a potion of degeneration
 q - a potion of might
 r - a potion of berserk rage
 v - a potion of resistance {unknown}
Books
 c - a book of Spatial Translocations

   Spells                             Type                      Level
   a - Blink                          Translocation                2
   b - Shroud of Golubria             Charms/Translocation         2
   c - Lesser Beckoning               Translocation                3
   d - Gell's Gravitas                Translocation                3
   e - Teleport Other                 Translocation                3
   f - Passage of Golubria            Translocation                4
Comestibles
 u - a fruit


   Skills:
 + Level 4.5 Fighting
 * Level 5.7 Long Blades
 - Level 1.0 Throwing
 + Level 3.7 Armour
 + Level 3.9 Dodging
 - Level 1.3 Spellcasting
 - Level 2.1 Translocations
 + Level 1.1 Invocations


You had 3 spell levels left.
You knew the following spells:

 Your Spells              Type           Power        Failure   Level  Hunger
a - Blink                 Tloc           N/A          96%         2    ###....
b - Shroud of Golubria    Chrm/Tloc      #.........   99%         2    ###....


Dungeon Overview and Level Annotations

Branches:
Dungeon (6/15)             Temple (1/1) D:6

Altars:
Ashenzari
Dithmenos
Elyvilon
Gozag
Sif Muna
Trog
Uskayaw
Yredelemnul
The Shining One

Annotations:
D:3 Terence
D:4 Pikel


Innate Abilities, Weirdness & Mutations

You reflexively headbutt those who attack you in melee.
You have a pair of horns on your head.


Message History

You hit the slave.
The slave is severely wounded.
The slave hits you but does no damage.
You hit the slave. You headbutt the slave.
You kill the slave!
That felt strangely unrewarding.
You hit the ball python. Your headbutt misses the ball python.
The ball python is severely wounded.
The ball python completely misses you. The ball python grabs you.
The ball python constricts you.
The ball python bites you but does no damage.
The ball python constricts you.
You hit the ball python but do no damage.
Your headbutt misses the ball python.
The ball python is severely wounded.
Pikel zaps a wand.
The bolt of lightning misses the ball python.
The bolt of lightning hits you! x2
Ouch! That really hurt!
You die...

.... ....
##.. .?. #.#
#... ... #.#
#... .p# #.#
#... #p# #.#
###... #K#
#.# #.'...
#S# #.#
#.#...
#@######.#
#.##..
#.......<#
#. #.#
##########
#. #.# #.
..# ######
############
#..........#
#..........#
#..........'


You could see Pikel, 2 slaves and a ball python.

Vanquished Creatures
  A slave (D:4)
  A centaur (D:5)
  A necrophage (D:6)
  A water moccasin zombie (Ossuary)
  A hound (D:4)
  An iguana (D:5)
  3 big kobold zombies (Ossuary)
  2 mummies (Ossuary)
  A hound skeleton (D:4)
  A gnoll (D:1)
  An adder (D:5)
  2 oozes (D:4)
  5 adder zombies (Ossuary)
  3 dart slugs
  5 leopard geckos
  5 orcs
  5 giant cockroaches
  3 gnoll zombies (Ossuary)
  A goblin (D:3)
  2 hobgoblins (D:3)
  8 jackals
  4 kobolds
  2 quokkas (D:3)
  4 ball pythons
  2 bats
  2 frilled lizards (D:5)
  2 kobold zombies (Ossuary)
  2 orc zombies (Ossuary)
  A quokka zombie (D:6)
  A rat (D:3)
  A rat zombie (D:6)
74 creatures vanquished.

Vanquished Creatures (others)
  A water moccasin zombie (Ossuary)
  3 gnoll zombies (Ossuary)
  A kobold zombie (Ossuary)
  3 orc zombies (Ossuary)
  A plant (D:6)
9 creatures vanquished.

Grand Total: 83 creatures vanquished

Notes
Turn   | Place    | Note
-------+----------+-------------------------------------------
     0 | D:1      | 4thArraOfDagon the Minotaur Warper began the quest for the Orb.
     0 | D:1      | Reached XP level 1. HP: 18/18 MP: 1/1
   157 | D:2      | Reached XP level 2. HP: 21/25 MP: 3/3
   239 | D:4      | Noticed a phantom
   290 | D:5      | Entered Level 5 of the Dungeon
   311 | D:5      | Noticed a centaur
   320 | D:5      | Killed a centaur
   320 | D:5      | Reached skill level 3 in Long Blades
   320 | D:5      | Reached XP level 3. HP: 16/31 MP: 4/4
   320 | D:5      | Reached XP level 4. HP: 20/38 MP: 5/5
   340 | D:5      | Noticed an ogre
   358 | D:6      | Learned a level 2 spell: Blink
   370 | D:6      | Found a sand-covered staircase.
   409 | D:6      | Found a staircase to the Ecumenical Temple.
   416 | Temple   | Entered the Ecumenical Temple
   423 | Temple   | Became a worshipper of the Shining One
   484 | Ossuary  | Entered an ossuary
   490 | Ossuary  | Reached skill level 4 in Long Blades
   756 | Ossuary  | Learned a level 2 spell: Shroud of Golubria
   834 | Ossuary  | Reached * piety under the Shining One
   846 | Ossuary  | Reached XP level 5. HP: 45/45 MP: 6/6
  1012 | Ossuary  | Reached ** piety under the Shining One
  1269 | Ossuary  | Reached skill level 5 in Long Blades
  1416 | D:6      | Noticed a necrophage
  1423 | D:6      | Killed a necrophage
  1423 | D:6      | Reached XP level 6. HP: 48/52 MP: 7/7
  1849 | D:3      | Reached skill level 1 in Invocations
  1872 | D:3      | Noticed Terence
  2143 | D:4      | Noticed a slave
  2144 | D:4      | Noticed Pikel
  2145 | D:4      | Noticed a slave
  2146 | D:4      | Noticed a slave
  2146 | D:4      | Noticed a slave
  2157 | D:4      | Killed a slave
  2159 | D:4      | Killed from afar by Pikel

Skill      XL: |  1  2  3  4  5  6 |
---------------+-------------------+-----
Fighting       | 3 4 |  4.5
Long Blades    | 3 4 5 |  5.7
Armour         | 2 3 |  3.7
Dodging        | 3 |  3.9
Invocations    | 1 |  1.1
Throwing       | |  1.0
Spellcasting   | |  1.3
Translocations | |  2.1

Action                   |  1- 3 |  4- 6 || total
-------------------------+-------+-------++-------
Melee: Falchion          |    12 |   216 ||   228
       Headbutt          |     3 |    34 ||    37
 Cast: Shroud of Golubri |       |     3 ||     3
  Use: Scroll            |     3 |     5 ||     8
       Potion            |     1 |     1 ||     2
  Eat: Bread ration      |       |     1 ||     1
Armor: Leather armour    |     3 |       ||     3
       Ring mail         |     3 |    26 ||    29
       Chain mail        |       |    71 ||    71
Dodge: Dodged            |    15 |    85 ||   100
       Rpst.: Falchion   |     2 |    21 ||    23
